 Dungeon Crawl Stone Soup version 0.29-a0-819-g94b489e0ae (webtiles) character file.

Game seed: 14467681798208466782

58 bande the Covered (level 4, -3/29 HPs)
             Began as a Gargoyle Fighter on July 6, 2022.
             Slain by a gnoll
             ... wielding a +0 flail
              (9 damage)
             ... on level 2 of the Dungeon.
             The game lasted 00:01:27 (1744 turns).

bande the Covered (Gargoyle Fighter)                Turns: 1744, Time: 00:01:28

Health: -3/29      AC: 10    Str: 19    XL:     4   Next: 2%
Magic:  4/4        EV:  9    Int:  9    God:
Gold:   89         SH:  4    Dex: 11    Spells: 3/3 levels left

rFire   . . .      SeeInvis .   a - +0 war axe
rCold   . . .      Faith    .   c - +0 buckler
rNeg    + . .      Spirit   .   b - +0 scale mail
rPois   ∞          Reflect  .   (no helmet)
rElec   +          Harm     .   (no cloak)
rCorr   .          Rampage  .   (no gloves)
Will    .....                   (no boots)
Stlth   ..........              (no amulet)
HPRegen 0.09/turn               (no ring)
MPRegen 0.09/turn               (no ring)

@: no status effects
A: sickness immunity, AC +3, negative energy resistance 1, electricity
resistance, torment resistance 1, petrification resistance
a: no special abilities


You were on level 2 of the Dungeon.
You visited 1 branch of the dungeon, and saw 3 of its levels.

You collected 89 gold pieces.

Inventory:

Hand Weapons
 a - a +0 war axe (weapon)
Armour
 b - a +0 scale mail (worn)
 c - a +0 buckler (worn)
Jewellery
 f - a ring of protection from cold
Scrolls
 g - 3 scrolls of identify {unknown}
 i - a scroll of noise {unknown}
 j - a scroll of enchant armour {unknown}
 l - a scroll of teleportation {unknown}
Potions
 d - a potion of might
 e - a potion of ambrosia {unknown}
 h - 2 potions of curing {unknown}
 k - a potion of degeneration {unknown}


   Skills:
 + Level 3.6 Fighting
 + Level 2.6 Axes
 + Level 3.9 Armour
 + Level 3.8 Shields


You had 3 spell levels left.
You didn't know any spells.
Your spell library was empty.

Dungeon Overview and Level Annotations

Branches:
Dungeon (3/15)

Altars:


Innate Abilities, Weirdness & Mutations

You are immune to sickness and miasma.
Your stone body is resilient. (AC +3)
You are immune to poison.
You resist negative energy. (rN+)
You are resistant to electric shocks. (rElec)
You are resistant to unholy torment.
You are immune to petrification.


Message History

You start waiting.
Done waiting.
You start waiting.
Done waiting.
Things that are here:
a +0 whip; a gnoll corpse
Things that are here:
a +0 whip; a gnoll corpse You see here a ball python corpse.
There is a stone staircase leading down here.
You climb downwards.
The gnoll barely misses you. The worm closely misses you.
There is a stone staircase leading up here.
The gnoll hits you but does no damage. The worm closely misses you.
You climb upwards.
There is a stone staircase leading down here.
You closely miss the gnoll. You barely miss the worm.
The gnoll hits you but does no damage. The gnoll hits you with a +0 flail!
The worm bites you but does no damage.
You barely miss the gnoll. You slash the worm! The gnoll barely misses you.
You slash the worm!
You kill the worm!
You closely miss the gnoll. The gnoll barely misses you.
The gnoll hits you with a +0 flail.
You have reached level 4!
You feel clever.
You hit the gnoll.
The gnoll is heavily wounded.
The gnoll barely misses you.
You closely miss the gnoll.
The gnoll is heavily wounded.
The gnoll hits you with a +0 flail!
* * * LOW HITPOINT WARNING * * *
The gnoll barely misses you.
You barely miss the gnoll.
The gnoll is heavily wounded.
The gnoll hits you but does no damage.
You closely miss the gnoll.
The gnoll is heavily wounded.
The gnoll hits you with a +0 flail!
You die...

......###.#
##.#.##'## #.
......# #.#
#.....).# #.
......# #.#
#.#.....# #.
......#
#.####.......#
#. ...(..#
#............#
#. ....†.#
#######..##+##
#. ......#
#.........# #.
##...##
#.###)g#### #.
#...# #.#
#)@...# #.
##...######.#
#####.# #.
.....'......#
#.# #.
##...########
#.######### #.
#...#
#.........####.
#...#
#########.#..#.
#...# #.#..#.
#...# #.#..#.
##### #.#..#.


You could see a gnoll.

Vanquished Creatures
  2 gnolls (D:2)
  2 worms (D:2)
  2 dart slugs (D:2)
  A bat (D:2)
  3 endoplasms
  2 giant cockroaches (D:1)
  2 hobgoblins (D:1)
  3 kobolds (D:1)
  A quokka (D:2)
  2 ball pythons
  4 frilled lizards
  2 goblins (D:2)
  3 rats
  A spectral hobgoblin (D:1)
30 creatures vanquished.

Notes
Turn   | Place    | Note
-------+----------+-------------------------------------------
     0 | D:1      | bande the Gargoyle Fighter began the quest for the Orb.
     0 | D:1      | Reached XP level 1. HP: 14/14 MP: 1/1
   372 | D:1      | Reached XP level 2. HP: 19/19 MP: 2/2
   552 | D:1      | Found a faded altar of an unknown god.
  1223 | D:2      | Reached XP level 3. HP: 23/23 MP: 3/3
  1741 | D:2      | Reached XP level 4. HP: 13/29 MP: 4/4
  1744 | D:2      | Slain by a gnoll

Illustrated notes

Levels and vault maps discovered:
D:1:      lightli_arrival_lavapool, layout_rooms,
          dreamdust_ecumenical_altar_drowned_temple
D:2:      layout_basic
D:3:      layout_basic, serial_bayou_pond_d, uniq_ijyb, uniq_crazy_yiuf_cottage

Skill      XL: |  1  2 |
---------------+-------+-----
Axes           | 2 |  2.6
Fighting       | |  3.6
Armour         | |  3.9
Shields        | |  3.8

Action                   |  1- 3 |  4- 6 || total
-------------------------+-------+-------++-------
Melee: War axe           |    94 |     4 ||    98
Armor: Scale mail        |    45 |     1 ||    46
Dodge: Dodged            |    53 |     2 ||    55
Block: Buckler           |    27 |       ||    27

Table legend: (Time is in decaauts)
 A = Elapsed time spent in this place.
 B = Non-inter-level travel time spent in this place.
 C = Inter-level travel time spent in this place.
 D = Time resting spent in this place.
 E = Time spent auto-exploring this place.
 F = Levels seen in this place.
 G = Mean time per level.
                   A        B        C        D        E       F      G
               +--------+--------+--------+--------+--------+-----+--------+
         Total |   1793 |   1779 |     14 |    463 |   1060 |   3 |  597.7 |
       Dungeon |   1793 |   1779 |     14 |    463 |   1060 |   3 |  597.7 |
               +--------+--------+--------+--------+--------+-----+--------+

Top non-repeatable levels by time:
     D:2: 1117 daAuts
     D:1: 669 daAuts
     D:3: 7 daAuts
